General information
- name: BNet
- type: Ladder team game (AT/RT)
- host: Battle.net
- saver: Karune
map: Slalom
- players: 8
- length: 34:24
- speed: Fast
- version: 1.24 W3XP
- replay type: Public
» download(200 KB)
Players
team 1 (winner)
brucewillisusa (
purple | 47 APM | 1618 actions | 34:24)
8 Mountain King
3 Storm Bolt
3 Bash
1 Avatar
1 Thunder Clap
» actions
| Assign group hotkey | 52 | |
| Basic commands | 39 | |
| Build / train | 81 | |
| Enter build submenu | 71 | |
| Enter hero's abilities submenu | 8 | |
| Give item / drop item | 2 | |
| Right click | 688 | |
| Select / deselect | 227 | |
| Select group hotkey | 271 | |
| Use ability | 179 | |
1618 total
» units
» upgrades
| Masonry | 3 | |
| Plating | 3 | |
| Gunpowder | 3 | |
| Lumber Harvesting | 2 | |
| Barrage | 1 | |
| Flak Cannons | 1 | |
| Fragmentation Shards | 1 | |
| Flare | 1 | |
| Magic Sentry | 1 | |
| Sorceress Training | 1 | |
| Armor | 1 | |
| Swords | 1 | |
19 total
» buildings
| Farm | 9 | |
| Altar of Kings | 1 | |
| Lumber Mill | 27 | |
| Town Hall | 1 | |
| Scout Tower | 58 | |
| Keep | 1 | |
| Blacksmith | 1 | |
| Castle | 1 | |
| Workshop | 4 | |
| Guard Tower | 15 | |
| Arcane Sanctum | 1 | |
119 total
» build order
00:34 Farm
00:47 Altar of Kings
01:17 Farm
02:23 Farm
02:27 Lumber Mill
03:24 Farm
04:54 Town Hall
05:05 Scout Tower
05:09 Lumber Mill
05:12 Lumber Mill
05:14 Lumber Mill
05:17 Lumber Mill
05:20 Lumber Mill
05:23 Lumber Mill
05:28 Lumber Mill
05:30 Lumber Mill
05:34 Lumber Mill
05:38 Lumber Mill
05:45 Lumber Mill
06:00 Scout Tower
06:02 Scout Tower
06:04 Scout Tower
06:08 Lumber Mill
06:10 Lumber Mill
06:12 Lumber Mill
06:13 Lumber Mill
06:15 Lumber Mill
06:21 Lumber Mill
06:22 Lumber Mill
06:27 Lumber Mill
06:30 Lumber Mill
06:33 Lumber Mill
06:35 Lumber Mill
06:37 Keep
06:39 Lumber Mill
06:42 Lumber Mill
06:44 Lumber Mill
06:46 Lumber Mill
06:49 Scout Tower
07:07 Blacksmith
09:00 Castle
09:04 Workshop
09:05 Workshop
09:06 Workshop
09:08 Workshop
09:52 Scout Tower
09:53 Scout Tower
09:55 Scout Tower
09:59 Scout Tower
09:59 Scout Tower
10:01 Scout Tower
10:02 Scout Tower
10:38 Guard Tower
11:30 Guard Tower
12:12 Guard Tower
13:00 Farm
13:00 Farm
13:01 Farm
14:42 Farm
15:16 Scout Tower
15:17 Scout Tower
15:18 Scout Tower
15:19 Scout Tower
16:04 Guard Tower
16:09 Arcane Sanctum
17:10 Guard Tower
17:13 Scout Tower
17:14 Scout Tower
17:15 Scout Tower
19:05 Guard Tower
19:06 Scout Tower
19:07 Scout Tower
19:58 Guard Tower
20:01 Guard Tower
20:06 Scout Tower
20:10 Scout Tower
21:38 Guard Tower
27:00 Scout Tower
27:01 Scout Tower
27:01 Scout Tower
27:03 Scout Tower
27:03 Scout Tower
27:04 Scout Tower
27:05 Scout Tower
27:06 Scout Tower
27:07 Scout Tower
27:08 Scout Tower
27:09 Scout Tower
27:10 Scout Tower
27:11 Scout Tower
27:11 Scout Tower
27:13 Scout Tower
27:13 Scout Tower
27:14 Scout Tower
27:16 Scout Tower
27:16 Scout Tower
27:17 Scout Tower
27:18 Scout Tower
27:19 Scout Tower
27:19 Scout Tower
27:19 Scout Tower
27:35 Guard Tower
27:48 Guard Tower
28:03 Guard Tower
28:52 Scout Tower
28:52 Scout Tower
28:53 Scout Tower
28:53 Scout Tower
28:55 Scout Tower
28:56 Scout Tower
28:56 Scout Tower
28:57 Scout Tower
29:01 Scout Tower
29:01 Scout Tower
29:40 Guard Tower
30:04 Guard Tower
30:12 Guard Tower
» items
| Boots of Speed | 1 | |
| Staff of Teleportation | 1 | |
| Orb of Lightning | 1 | |
| Tiny Great Hall | 1 | |
| Lesser Clarity Potion | 1 | |
| Healing Salve | 1 | |
6 total
back (
pink | 83 APM | 2857 actions | 34:24)
5 Blademaster
1 Wind Walk
2 Critical Strike
2 Mirror Image
2 Shadow Hunter
1 Healing Wave
1 Hex
» actions
| Assign group hotkey | 17 | |
| Basic commands | 205 | |
| Build / train | 91 | |
| Enter build submenu | 17 | |
| Enter hero's abilities submenu | 7 | |
| Give item / drop item | 3 | |
| Right click | 538 | |
| Select / deselect | 290 | |
| Select group hotkey | 1600 | |
| Use ability | 89 | |
2857 total
» units
| Peon | 15 | |
| Troll Batrider | 24 | |
| Wind Rider | 9 | |
48 total
» upgrades
| Ranged Weapons | 3 | |
| Armor | 3 | |
| Liquid Fire | 1 | |
| Reinforced Defenses | 1 | |
| Envenomed Spears | 1 | |
| Spiked Barricades | 1 | |
10 total
» buildings
| Altar of Storms | 1 | |
| Orc Burrow | 8 | |
| Voodoo Lounge | 1 | |
| War Mill | 1 | |
| Stronghold | 2 | |
| Beastiary | 3 | |
| Fortress | 1 | |
| Great Hall | 2 | |
| Watch Tower | 3 | |
22 total
» build order
00:15 Altar of Storms
00:17 Orc Burrow
00:56 Voodoo Lounge
01:43 War Mill
02:36 Stronghold
02:36 Stronghold
03:51 Orc Burrow
04:17 Orc Burrow
05:07 Beastiary
05:13 Beastiary
05:49 Fortress
07:32 Orc Burrow
08:52 Orc Burrow
10:05 Orc Burrow
18:44 Great Hall
19:02 Beastiary
20:20 Orc Burrow
21:24 Orc Burrow
25:36 Great Hall
27:37 Watch Tower
27:39 Watch Tower
30:40 Watch Tower
» items
| Healing Salve | 6 | |
| Circlet of Nobility | 6 | |
| Boots of Speed | 1 | |
| Orb of Lightning | 2 | |
| Lesser Clarity Potion | 2 | |
| Potion of Healing | 2 | |
19 total

»
AblibuRex (
orange | 22 APM | 764 actions | 34:24)
6 Pandaren Brewmaster
2 Drunken Haze
2 Drunken Brawler
1 Breath of Fire
1 Storm Earth and Fire
6 Firelord
3 Summon Lava Spawn
2 Soul Burn
1 Volcano
5 Goblin Tinker
3 Cluster Rockets
2 Engineering Upgrade
» actions
| Build / train | 97 | |
| Enter build submenu | 28 | |
| Enter hero's abilities submenu | 17 | |
| Give item / drop item | 4 | |
| Right click | 207 | |
| Select / deselect | 351 | |
| Use ability | 60 | |
764 total
» units
| Peasant | 19 | |
| Gryphon Rider | 20 | |
| Knight | 6 | |
| Priest | 7 | |
52 total
» upgrades
| Swords | 3 | |
| Lumber Harvesting | 2 | |
| Armor | 3 | |
| Plating | 2 | |
| Masonry | 1 | |
| Animal War Training | 1 | |
| Priest Training | 2 | |
| Storm Hammers | 1 | |
| Magic Sentry | 1 | |
16 total
» buildings
| Altar of Kings | 1 | |
| Farm | 13 | |
| Lumber Mill | 1 | |
| Keep | 1 | |
| Blacksmith | 1 | |
| Arcane Vault | 1 | |
| Barracks | 1 | |
| Castle | 1 | |
| Gryphon Aviary | 1 | |
| Scout Tower | 3 | |
| Arcane Sanctum | 1 | |
| Town Hall | 1 | |
| Arcane Tower | 1 | |
| Guard Tower | 2 | |
29 total
» build order
00:24 Altar of Kings
00:45 Farm
01:26 Farm
01:41 Lumber Mill
02:32 Keep
02:49 Blacksmith
03:00 Farm
03:16 Arcane Vault
03:44 Farm
04:22 Barracks
04:58 Castle
05:18 Farm
06:01 Gryphon Aviary
06:19 Scout Tower
06:53 Scout Tower
07:23 Farm
07:28 Arcane Sanctum
08:09 Farm
09:21 Scout Tower
09:57 Farm
10:40 Farm
12:51 Town Hall
13:06 Arcane Tower
13:09 Guard Tower
13:13 Guard Tower
16:51 Farm
17:55 Farm
19:20 Farm
20:07 Farm
» items
| Orb of Fire | 2 | |
| Potion of Healing | 1 | |
| Scroll of Regeneration | 1 | |
4 total
Forsaken-Omen (
yellow | 20 APM | 698 actions | 34:24)
7 Paladin
2 Holy Light
1 Divine Shield
3 Devotion Aura
1 Resurrection
» actions
| Build / train | 86 | |
| Enter build submenu | 47 | |
| Enter hero's abilities submenu | 6 | |
| Right click | 219 | |
| Select / deselect | 281 | |
| Use ability | 59 | |
698 total
» units
| Peasant | 13 | |
| Footman | 14 | |
| Priest | 3 | |
| Knight | 3 | |
| Gryphon Rider | 10 | |
| Frost Revenant | 1 | |
| Siege Engine | 3 | |
47 total
» upgrades
| Swords | 3 | |
| Lumber Harvesting | 2 | |
| Animal War Training | 1 | |
| Priest Training | 1 | |
| Armor | 1 | |
| Plating | 1 | |
| Storm Hammers | 1 | |
| Barrage | 1 | |
| Gunpowder | 2 | |
| Masonry | 2 | |
| Flying Machine Bombs | 1 | |
16 total
» buildings
| Altar of Kings | 1 | |
| Barracks | 1 | |
| Farm | 14 | |
| Lumber Mill | 1 | |
| Keep | 1 | |
| Blacksmith | 1 | |
| Castle | 1 | |
| Arcane Sanctum | 1 | |
| Arcane Vault | 1 | |
| Town Hall | 2 | |
| Gryphon Aviary | 1 | |
| Workshop | 1 | |
| Scout Tower | 21 | |
| Guard Tower | 11 | |
58 total
» build order
00:09 Altar of Kings
00:15 Barracks
00:26 Farm
01:02 Farm
01:16 Lumber Mill
01:47 Farm
02:31 Farm
03:15 Farm
03:56 Keep
04:04 Farm
04:43 Farm
05:00 Blacksmith
06:44 Castle
07:10 Arcane Sanctum
09:04 Arcane Vault
09:18 Town Hall
09:45 Gryphon Aviary
16:53 Workshop
18:14 Farm
18:23 Farm
18:29 Farm
19:21 Farm
19:37 Farm
19:41 Scout Tower
20:13 Farm
20:46 Farm
20:56 Scout Tower
21:06 Scout Tower
21:43 Guard Tower
21:49 Scout Tower
21:58 Scout Tower
22:04 Scout Tower
22:11 Scout Tower
22:26 Scout Tower
22:32 Guard Tower
22:37 Scout Tower
22:40 Scout Tower
22:51 Guard Tower
22:59 Scout Tower
23:44 Guard Tower
24:01 Scout Tower
24:13 Scout Tower
24:19 Scout Tower
24:23 Guard Tower
24:39 Scout Tower
24:43 Guard Tower
24:56 Scout Tower
25:02 Scout Tower
25:14 Guard Tower
25:20 Scout Tower
27:02 Guard Tower
28:34 Scout Tower
29:09 Guard Tower
29:14 Scout Tower
29:54 Guard Tower
29:58 Scout Tower
30:11 Guard Tower
33:45 Town Hall
» items
team 2 (loser)
LeoNoAioria (
teal | 57 APM | 1911 actions | 33:44)
6 Archmage
2 Summon Water Elemental
3 Brilliance Aura
1 Mass Teleport
» actions
| Assign group hotkey | 143 | |
| Basic commands | 26 | |
| Build / train | 109 | |
| Enter build submenu | 43 | |
| Enter hero's abilities submenu | 6 | |
| Remove unit from queue | 3 | |
| Right click | 473 | |
| Select / deselect | 478 | |
| Select group hotkey | 558 | |
| Use ability | 72 | |
1911 total
» units
| Peasant | 28 | |
| Footman | 10 | |
| Gryphon Rider | 14 | |
| Dragonhawk Rider | 7 | |
| Mortar Team | 6 | |
65 total
» upgrades
| Plating | 1 | |
| Lumber Harvesting | 2 | |
| Barrage | 0 | |
| Armor | 3 | |
| Cloud | 1 | |
| Storm Hammers | 1 | |
| Swords | 3 | |
| Masonry | 2 | |
| Gunpowder | 2 | |
| Fragmentation Shards | 1 | |
| Flare | 1 | |
17 total
» buildings
| Farm | 14 | |
| Altar of Kings | 1 | |
| Barracks | 1 | |
| Keep | 1 | |
| Town Hall | 2 | |
| Scout Tower | 14 | |
| Lumber Mill | 1 | |
| Guard Tower | 10 | |
| Blacksmith | 1 | |
| Castle | 1 | |
| Arcane Tower | 2 | |
| Workshop | 2 | |
| Gryphon Aviary | 4 | |
| Arcane Vault | 1 | |
55 total
» build order
00:07 Farm
00:10 Altar of Kings
00:49 Barracks
00:55 Farm
01:34 Farm
02:34 Farm
04:09 Keep
04:45 Town Hall
04:52 Town Hall
04:57 Scout Tower
05:04 Lumber Mill
05:40 Scout Tower
06:21 Guard Tower
06:23 Scout Tower
06:33 Blacksmith
06:35 Castle
06:42 Scout Tower
06:52 Guard Tower
06:56 Scout Tower
07:08 Arcane Tower
07:11 Scout Tower
07:25 Guard Tower
07:27 Scout Tower
07:29 Scout Tower
08:07 Guard Tower
08:25 Guard Tower
08:52 Scout Tower
09:10 Workshop
09:24 Arcane Tower
10:44 Gryphon Aviary
10:55 Gryphon Aviary
11:06 Farm
11:12 Farm
11:44 Gryphon Aviary
11:54 Farm
12:17 Arcane Vault
12:23 Gryphon Aviary
12:29 Farm
12:50 Scout Tower
13:22 Guard Tower
13:51 Farm
14:32 Farm
14:34 Farm
14:35 Farm
14:35 Farm
16:11 Farm
18:27 Scout Tower
18:30 Scout Tower
18:33 Scout Tower
18:36 Scout Tower
18:57 Guard Tower
18:59 Guard Tower
19:00 Guard Tower
19:06 Guard Tower
29:04 Workshop
» items
| Scroll of Town Portal | 1 | |
| Potion of Healing | 2 | |
| Potion of Mana | 1 | |
4 total
rockstone (
blue | 33 APM | 1125 actions | 33:44)
5 Blademaster
3 Critical Strike
1 Wind Walk
1 Mirror Image
1 Shadow Hunter
1 Hex
» actions
| Assign group hotkey | 13 | |
| Build / train | 67 | |
| ESC pressed | 1 | |
| Enter build submenu | 26 | |
| Enter hero's abilities submenu | 6 | |
| Give item / drop item | 1 | |
| Remove unit from queue | 12 | |
| Right click | 403 | |
| Select / deselect | 279 | |
| Select group hotkey | 262 | |
| Use ability | 55 | |
1125 total
» units
» upgrades
| Ranged Weapons | 3 | |
| Armor | 3 | |
| Envenomed Spears | 1 | |
| Spiked Barricades | 2 | |
| Ensnare | 1 | |
| Melee Weapons | 1 | |
| Reinforced Defenses | 1 | |
12 total
» buildings
| Altar of Storms | 1 | |
| Orc Burrow | 5 | |
| Voodoo Lounge | 1 | |
| Stronghold | 1 | |
| Great Hall | 3 | |
| War Mill | 2 | |
| Beastiary | 2 | |
| Watch Tower | 15 | |
| Fortress | 1 | |
| Spirit Lodge | 2 | |
33 total
» build order
00:06 Altar of Storms
00:16 Orc Burrow
00:48 Voodoo Lounge
02:09 Stronghold
03:53 Great Hall
04:01 War Mill
04:30 Orc Burrow
04:33 Beastiary
04:38 Beastiary
05:29 Orc Burrow
06:44 Watch Tower
07:12 Orc Burrow
09:20 Fortress
09:40 Watch Tower
10:10 Watch Tower
10:32 Orc Burrow
12:56 Watch Tower
12:58 Watch Tower
12:59 Watch Tower
12:59 Watch Tower
14:54 War Mill
15:48 Great Hall
15:57 Great Hall
16:47 Watch Tower
16:48 Watch Tower
16:49 Watch Tower
20:08 Watch Tower
20:12 Watch Tower
20:14 Watch Tower
20:16 Watch Tower
20:19 Watch Tower
31:08 Spirit Lodge
31:12 Spirit Lodge
» items
| Healing Salve | 3 | |
| Orb of Lightning | 2 | |
| Scroll of Protection | 1 | |
| Lesser Clarity Potion | 1 | |
| Potion of Mana | 1 | |
| Potion of Healing | 1 | |
9 total

»
OW_XxGoDLiKexX (
green | 41 APM | 1379 actions | 33:50)
5 Blademaster
3 Wind Walk
2 Critical Strike
» actions
| Assign group hotkey | 6 | |
| Basic commands | 4 | |
| Build / train | 60 | |
| Enter build submenu | 24 | |
| Enter hero's abilities submenu | 5 | |
| Right click | 844 | |
| Select / deselect | 348 | |
| Select group hotkey | 35 | |
| Use ability | 52 | |
1379 total
» units
| Peon | 17 | |
| Grunt | 3 | |
| Wind Rider | 6 | |
| Troll Batrider | 15 | |
41 total
» upgrades
| Ranged Weapons | 3 | |
| Armor | 3 | |
| Envenomed Spears | 1 | |
| Liquid Fire | 1 | |
| Ensnare | 1 | |
| Reinforced Defenses | 1 | |
10 total
» buildings
| Altar of Storms | 1 | |
| Orc Burrow | 8 | |
| Barracks | 1 | |
| Voodoo Lounge | 1 | |
| Stronghold | 2 | |
| War Mill | 1 | |
| Fortress | 1 | |
| Beastiary | 3 | |
| Great Hall | 1 | |
| Watch Tower | 7 | |
26 total
» build order
00:09 Altar of Storms
00:12 Orc Burrow
00:59 Barracks
01:28 Orc Burrow
02:01 Voodoo Lounge
03:22 Stronghold
03:22 Stronghold
03:53 War Mill
04:03 Orc Burrow
04:57 Orc Burrow
05:49 Fortress
05:52 Beastiary
05:55 Beastiary
09:40 Great Hall
11:11 Beastiary
12:49 Watch Tower
14:35 Watch Tower
14:46 Watch Tower
15:19 Watch Tower
16:24 Watch Tower
16:26 Watch Tower
16:38 Watch Tower
16:52 Orc Burrow
16:53 Orc Burrow
16:58 Orc Burrow
17:55 Orc Burrow
Karune (
red | 51 APM | 1757 actions | 34:24)
5 Tauren Chieftain
2 Endurance Aura
3 War Stomp
» actions
| Assign group hotkey | 54 | |
| Basic commands | 13 | |
| Build / train | 70 | |
| Enter build submenu | 45 | |
| Enter hero's abilities submenu | 5 | |
| Give item / drop item | 5 | |
| Remove unit from queue | 1 | |
| Right click | 779 | |
| Select / deselect | 378 | |
| Select group hotkey | 304 | |
| Use ability | 103 | |
1757 total
» units
| Peon | 21 | |
| Grunt | 3 | |
| Troll Batrider | 12 | |
| Demolisher | 2 | |
38 total
» upgrades
| Armor | 3 | |
| Melee Weapons | 2 | |
| Troll Regeneration | 1 | |
| Ranged Weapons | 3 | |
| Liquid Fire | 1 | |
| Reinforced Defenses | 1 | |
11 total
» buildings
| Altar of Storms | 1 | |
| Orc Burrow | 4 | |
| Barracks | 1 | |
| War Mill | 1 | |
| Stronghold | 2 | |
| Great Hall | 3 | |
| Fortress | 1 | |
| Beastiary | 2 | |
| Voodoo Lounge | 1 | |
| Watch Tower | 35 | |
51 total
» build order
00:18 Altar of Storms
00:25 Orc Burrow
00:33 Barracks
01:51 War Mill
03:00 Orc Burrow
03:45 Stronghold
03:45 Stronghold
04:56 Orc Burrow
04:59 Orc Burrow
06:13 Great Hall
07:47 Fortress
08:48 Beastiary
09:01 Beastiary
09:55 Voodoo Lounge
11:05 Watch Tower
11:08 Watch Tower
12:58 Watch Tower
12:59 Watch Tower
13:04 Watch Tower
13:05 Watch Tower
13:11 Watch Tower
13:45 Great Hall
18:37 Watch Tower
18:39 Watch Tower
18:41 Watch Tower
18:45 Watch Tower
19:09 Watch Tower
20:08 Great Hall
20:42 Watch Tower
20:47 Watch Tower
20:56 Watch Tower
21:03 Watch Tower
21:05 Watch Tower
21:50 Watch Tower
27:23 Watch Tower
27:24 Watch Tower
27:24 Watch Tower
27:25 Watch Tower
27:28 Watch Tower
27:29 Watch Tower
27:30 Watch Tower
27:31 Watch Tower
27:34 Watch Tower
27:35 Watch Tower
27:35 Watch Tower
27:36 Watch Tower
30:28 Watch Tower
30:29 Watch Tower
30:30 Watch Tower
30:32 Watch Tower
30:33 Watch Tower
» items
| Periapt of Vitality | 1 | |
| Potion of Lesser Invulnerability | 1 | |
| Dust of Appearance | 1 | |
| Potion of Healing | 2 | |
| Orb of Lightning | 1 | |
| Scroll of Town Portal | 1 | |
| Healing Salve | 1 | |
8 total
Chat log
(00:05 / All) brucewillisusa: KARUUUUUUUUUNE
(00:08 / Allies) rockstone: hey
(00:09 / All) brucewillisusa: SHUT UP KARUNE
(00:11 / Allies) rockstone: get expo asap
(00:12 / All) Karune: LOL
(00:13 / All) brucewillisusa: JUST SHUT UP
(00:19 / Allies) LeoNoAioria: tanks
(00:27 / Allies) rockstone: mass air
(00:28 / Allies) OW_XxGoDLiKexX: wyvs
(00:37 / Allies) Karune: Tauren SHAM
(01:05 / Allies) rockstone: green or teal can u help me here?
(01:10 / Allies) LeoNoAioria: yes
(01:12 / Allies) OW_XxGoDLiKexX: yep
(01:15 / Allies) rockstone: ty
(01:23 / Allies) OW_XxGoDLiKexX: well make em all
(01:27 / Allies) rockstone: k
(02:26 / Allies) LeoNoAioria: moe units
(02:27 / Allies) LeoNoAioria: more
(02:39 / Allies) LeoNoAioria: wtf
(03:12 / Allies) rockstone: big one
(04:14 / Allies) OW_XxGoDLiKexX: big first
(04:18 / Allies) LeoNoAioria: red
(05:55 / Allies) Karune: green move your ints please
(06:08 / Allies) OW_XxGoDLiKexX: oops
(06:11 / Allies) OW_XxGoDLiKexX: sry
(07:45 / Allies) LeoNoAioria: u see that?
(07:47 / Allies) OW_XxGoDLiKexX: wtf
(07:51 / Allies) rockstone: yeah
(07:52 / All) LeoNoAioria: lol
(07:56 / Allies) rockstone: its a hacker
(07:58 / Allies) OW_XxGoDLiKexX: hack
(08:02 / Allies) rockstone: all report this game
(08:05 / All) Karune: wow
(08:07 / Allies) rockstone: all get air
(08:08 / Allies) OW_XxGoDLiKexX: how?
(08:16 / All) Karune: BRUCE
(08:17 / All) Karune: LOL
(08:24 / All) brucewillisusa: just mass bats youll rape us
(08:26 / Allies) rockstone: into battle net
(08:27 / All) brucewillisusa: my team hasnt even expod yet
(08:31 / All) Karune: Guess i shoulda seen this coming from the loading screen
(08:47 / All) brucewillisusa: ally just lost hero creeping
(08:50 / All) Karune: ROFL
(08:54 / Allies) rockstone: get air and aa
(09:08 / Allies) rockstone: they can´t pass too
(09:13 / Allies) rockstone: only by air
(09:16 / Allies) rockstone: so get tanks
(09:32 / Allies) rockstone: and kil pink heroe
(09:43 / All) Karune: ur crazy btuce
(09:43 / All) Karune: Lol
(10:00 / Allies) rockstone: watch out expos
(10:28 / Allies) LeoNoAioria: w
(10:29 / Allies) LeoNoAioria: wood
(10:34 / All) Karune: question bruce
(10:41 / All) Karune: are you even able to destoroy those buildings yourself?
(10:44 / All) brucewillisusa: no
(10:45 / Allies) OW_XxGoDLiKexX: get truesight
(10:52 / All) Karune: hmm,
(12:02 / Allies) OW_XxGoDLiKexX: lol
(12:03 / Allies) rockstone: teal get tanks
(12:09 / Allies) LeoNoAioria: air
(12:47 / Allies) rockstone: i said
(13:15 / Allies) LeoNoAioria: wood?
(13:40 / Allies) rockstone: so teal?
(14:13 / All) Karune: i wonder why the russia hackteam never made a comment about the invincible building hack
(14:30 / All) brucewillisusa: they probably moved on to starcraft 2 beta
(14:36 / All) Karune: ah
(14:48 / All) Karune: but didn't this come before beta?
(15:52 / All) Karune: please stoip killing my peons
(15:58 / All) Karune: what have they done vs you
(16:10 / All) Karune: |they dont deserve this
(16:15 / Allies) OW_XxGoDLiKexX: lol
(16:49 / Allies) Karune: blue can you pass me some gold
(17:10 / Allies) Karune: please blue
(17:11 / Allies) rockstone: don´t worry they can´t pass to
(17:13 / Allies) rockstone: too
(17:17 / Allies) Karune: you haev 4k
(17:27 / Allies) rockstone: so this tanks don´t make nothing
(17:38 / Allies) Karune: blue can you pass me some gold
(17:51 / All) brucewillisusa: BAT WAR TIME
(17:51 / Allies) Karune: ty
(17:56 / Allies) LeoNoAioria: lets fly together?
(17:56 / All) brucewillisusa: WHO CAN CLICK FASTER
(18:06 / Allies) LeoNoAioria: u guys follow me?
(18:13 / All) brucewillisusa: 2-0 for them so far
(18:26 / All) brucewillisusa: 9-1?
(18:28 / All) brucewillisusa: 12-1?
(18:38 / Allies) rockstone: repair red
(18:41 / All) brucewillisusa: damn just a little more oil
(18:42 / All) brucewillisusa: would have done it
(18:49 / All) brucewillisusa: !!
(18:51 / All) Karune: OMG
(18:56 / All) Karune: PINK
(19:01 / All) Karune: UUUUUUUUUUUUUUUUUUUUUUUUUUUUUUUUUUU HAAAAAAAAAAAAAAAAAAXER
(19:34 / Allies) rockstone: b teal
(19:46 / Allies) OW_XxGoDLiKexX: knights...
(19:51 / Allies) Karune: teal can you pass me some wood
(19:55 / Allies) LeoNoAioria: u guys doesnt help
(20:01 / Allies) Karune: ty
(20:09 / Allies) LeoNoAioria: stick together and hit
(20:10 / Allies) LeoNoAioria: simple
(20:23 / Allies) OW_XxGoDLiKexX: thats why we told u to weait a min
(20:45 / Allies) LeoNoAioria: meet green
(20:46 / Allies) LeoNoAioria: come
(20:50 / Allies) rockstone: go togheter to finish expos
(21:18 / All) brucewillisusa: i think theres actualyl room at the top
(21:20 / All) brucewillisusa: for a peon
(21:22 / All) brucewillisusa: if you kill the trees
(21:29 / Allies) LeoNoAioria: green
(21:32 / All) Karune: good call
(21:35 / Allies) LeoNoAioria: u have 2 units in my base
(21:45 / Allies) rockstone: everyone update towers
(22:07 / Allies) LeoNoAioria: alone
(22:24 / Allies) rockstone: go go
(22:31 / Allies) rockstone: b
(22:33 / Allies) OW_XxGoDLiKexX: b
(23:15 / Allies) OW_XxGoDLiKexX: b
(23:24 / All) Karune: how do these invincible buildings even work
(23:29 / All) Karune: like what makes them invnicible
(23:50 / All) brucewillisusa: idk
(24:35 / Allies) Karune: I MADE ROOM
(24:50 / Allies) Karune: too bad you guys suicided.]
(25:16 / Allies) LeoNoAioria: gold me
(25:17 / Allies) LeoNoAioria: red
(25:21 / All) brucewillisusa: now its our turn to go on the offensive
(25:26 / Allies) Karune: HOLE AT TOP
(25:30 / Allies) rockstone: wow
(25:37 / All) LeoNoAioria: LOL
(25:44 / Allies) LeoNoAioria: i almost have mass tp
(25:58 / Allies) OW_XxGoDLiKexX: teal
(26:05 / Allies) LeoNoAioria: level 5
(26:07 / Allies) LeoNoAioria: no more
(26:16 / Allies) OW_XxGoDLiKexX: for your lvl 6
(26:35 / Allies) LeoNoAioria: no more level hiting creep
(26:36 / All) Karune: AND HE ESCAPES JUST IN TIME
(27:24 / Allies) LeoNoAioria: gold me
(27:52 / All) Karune: forgot you guys could use the hole too :(
(28:14 / Allies) OW_XxGoDLiKexX: wtf
(28:16 / All) brucewillisusa: you shall not pass!
(28:28 / Allies) LeoNoAioria: blu
(28:30 / All) OW_XxGoDLiKexX: you shall suck!
(28:31 / Allies) LeoNoAioria: 5 k gold
(28:36 / Allies) LeoNoAioria: gold me
(28:36 / Allies) LeoNoAioria: blu
(28:59 / Allies) LeoNoAioria: gold me for mortars
(29:06 / All) Karune: blues got the right idea
(29:27 / All) Karune: i don't know why i'm still in this game.
(29:35 / All) LeoNoAioria: for fun
(29:36 / All) OW_XxGoDLiKexX: which unit shall i make?
(30:05 / Allies) LeoNoAioria: gold me
(30:06 / Allies) LeoNoAioria: guys
(30:11 / All) Karune: my bats got so drunk just there
(30:12 / Allies) LeoNoAioria: mortars agains tanks
(30:15 / All) Karune: they can't even fly straight
(30:45 / All) brucewillisusa: everyone thumbs down hurricane isle, but this hack kind of lets you play hurricane isle on any map
(31:00 / All) LeoNoAioria: kids like u must die
(31:03 / All) Karune: true i suppose
(31:07 / All) LeoNoAioria: poor one
(31:17 / All) brucewillisusa: the only thing thats really unfair about it is that we have bduilings that will never die, even if we lose
(31:18 / All) Karune: but buildings can be destroyed on hurrican
(31:23 / All) brucewillisusa: kind of wish they would patch that
(31:28 / All) Karune: lol ya
(31:38 / All) brucewillisusa: if you could just make barriers
(31:40 / All) Karune: someone named CupDrinker also used this hack.
(31:40 / All) brucewillisusa: it would be better
(31:48 / All) Karune: do you know him?
(31:51 / All) brucewillisusa: no
(31:59 / All) Karune: well i guess a lot of people use this hack
(32:07 / All) brucewillisusa: Yea
(32:09 / All) Karune: but you and cupdrinker are the only peopel i've seen use it in 4s RT azeroth
(32:21 / All) Karune: teal is following me
(32:21 / All) brucewillisusa: most people use hacks like this to furiously grind stats
(32:27 / All) brucewillisusa: not too many just use it to mess with gameplay
(32:45 / Allies) rockstone: all report this game
(32:50 / Allies) OW_XxGoDLiKexX: how?
(33:10 / Allies) rockstone: log in into battle net
(33:16 / Allies) rockstone: search reports
(33:17 / All) Karune: YOU CAN REPORT THIS GAME BY POSTING ASBOUT IN ON THE WARCRAFT BATTLE.nET FORUM
(33:22 / All) Karune: BLIZZAZRD WILL ISTEN TO YOUR CONCENSER
(33:33 / All) brucewillisusa: SHUT UP KARUNE
(33:35 / All) brucewillisusa: JUST SHUT UP
(33:40 / All) LeoNoAioria: buy, poor kid.. i mean: happy kid
(33:43 / Allies) rockstone: teal i said u get tanks
(34:03 / All) Karune: well this was fun.
(34:11 / All) Karune: in a weird sense
(34:16 / All) Karune: gg
(34:18 / All) brucewillisusa: my team won because they let you do all the offensive
(34:22 / All) brucewillisusa: gg